[Event "11th LCC Super Blitz 2019"]
[Site "London"]
[Date "2019.12.08"]
[Round "6.7"]
[White "Jackson, Julius"]
[Black "Ismail, Mohammed Aayan"]
[Result "0-1"]
[ECO "B14"]
[WhiteElo "1584"]
[BlackElo "1641"]
[Annotator "NA"]
[PlyCount "106"]
[EventDate "2019.12.08"]
[EventType "swiss"]
[EventCountry "ENG"]
[SourceTitle "playchess.com"]
[Source "ChessBase"]
[SourceQuality "1"]
[TimeControl "180+2"]

1. e4 c5 2. Nf3 Nc6 3. c3 e6 4. d4 cxd4 5. cxd4 d5 6. exd5 exd5 7. Nc3 Nf6 8. Bg5 Be7 9. Bb5 O-O 10. O-O h6 11. Bf4 Bg4 12. a3 Bxf3 13. gxf3 a6 14. Bxc6 bxc6 15. Kh1 Bd6 16. Qd2 Bxf4 17. Qxf4 Qb8 18. Qxb8 Raxb8 19. b4 Rfe8 20. Rfe1 Kf8 21. Re3 a5 22. Rb1 axb4 23. axb4 Rxe3 24. fxe3 Re8 25. Re1 Rb8 26. Na2 Ra8 27. Nc3 Ra3 28. Rc1 Rb3 29. Kg2 Rxb4 30. Kf2 Rb2+ 31. Ne2 Rb6 32. Nf4 Ke7 33. Ra1 Rb2+ 34. Kg3 Nd7 35. Ra6 Rb6 36. Ra8 Rb3 37. Kf2 g5 38. Ne2 Rb7 39. Rh8 c5 40. Rxh6 c4 41. Rc6 Nb6 42. Nc3 Kd7 43. Rh6 Rb8 44. Nxd5 Nxd5 45. Rh5 f6 46. Rh7+ Kd6 47. Rf7 c3 48. Ke2 c2 49. Kd2 Rc8 50. Kc1 Nb4 51. Ra7 Nd3+ 52. Kd2 c1=Q+ 53. Kxd3 Qc2# 0-1

[Event "11th LCC Super Blitz 2019"]
[Site "London"]
[Date "2019.12.08"]
[Round "6.8"]
[White "Van Zyl-Rudd, Jack"]
[Black "Dhemrait, Jagdeep"]
[Result "1-0"]
[ECO "E71"]
[WhiteElo "2290"]
[BlackElo "1834"]
[Annotator "NA"]
[PlyCount "41"]
[EventDate "2019.12.08"]
[EventType "swiss"]
[EventCountry "ENG"]
[SourceTitle "playchess.com"]
[Source "ChessBase"]
[SourceQuality "1"]
[TimeControl "180+2"]

1. d4 Nf6 2. c4 d6 3. Nc3 g6 4. e4 Bg7 5. h3 Nbd7 6. Be3 e5 7. d5 O-O 8. g4 h5 9. f3 Re8 10. Qd2 Nb6 11. O-O-O Bf8 12. Be2 c5 13. h4 hxg4 14. h5 gxh5 15. Bg5 Bg7 16. fxg4 hxg4 17. Rh5 g3 18. Nf3 Bg4 19. Rh4 Qd7 20. Rdh1 Bxf3 21. Bxf3 1-0

[Event "11th LCC Super Blitz 2019"]
[Site "London"]
[Date "2019.12.08"]
[Round "6.8"]
[White "Zulfic, Fedja"]
[Black "Iyengar, Ilya"]
[Result "1-0"]
[ECO "E97"]
[WhiteElo "2032"]
[BlackElo "1984"]
[Annotator "NA"]
[PlyCount "113"]
[EventDate "2019.12.08"]
[EventType "swiss"]
[EventCountry "ENG"]
[SourceTitle "playchess.com"]
[Source "ChessBase"]
[SourceQuality "1"]
[TimeControl "180+2"]

1. d4 Nf6 2. c4 g6 3. Nc3 Bg7 4. e4 d6 5. Nf3 O-O 6. Be2 e5 7. O-O Nc6 8. d5 Ne7 9. b4 Nh5 10. Re1 h6 11. Bf1 f5 12. c5 Nf6 13. Ba3 fxe4 14. Nxe4 Nfxd5 15. cxd6 cxd6 16. Bc4 Be6 17. b5 Nf4 18. Bxe6+ Nxe6 19. Bxd6 Nd4 20. Nxd4 exd4 21. Qg4 Kh7 22. Rad1 Rf7 23. Bxe7 Qxe7 24. h4 Qd7 25. Qg3 Raf8 26. f3 Qc7 27. Qh3 Qd7 28. Qg3 Qc7 29. Qf2 Rd8 30. h5 gxh5 31. Qh4 Qe5 32. Ng3 Qg5 33. Qe4+ Qg6 34. Qh4 Qg5 35. Qxg5 hxg5 36. Nxh5 Rf5 37. Re7 Rg8 38. Rxd4 Kh6 39. Nxg7 Rxg7 40. Rxg7 Kxg7 41. Rd7+ Kg6 42. Rxb7 Kf6 43. a4 Rf4 44. Rxa7 Rb4 45. Ra6+ Kf5 46. b6 Kf4 47. a5 Kg3 48. Kf1 Rb1+ 49. Ke2 Kxg2 50. Ra8 Rb2+ 51. Ke3 Rb3+ 52. Ke4 Rxf3 53. b7 g4 54. b8=Q g3 55. Qb2+ Rf2 56. Qxf2+ gxf2 57. Rf8 1-0

[Event "11th LCC Super Blitz 2019"]
[Site "London"]
[Date "2019.12.08"]
[Round "6.8"]
[White "Ball, Charlie J"]
[Black "Orlovska, Madara"]
[Result "0-1"]
[ECO "A80"]
[WhiteElo "1249"]
[BlackElo "2072"]
[Annotator "NA"]
[PlyCount "128"]
[EventDate "2019.12.08"]
[EventType "swiss"]
[EventCountry "ENG"]
[SourceTitle "playchess.com"]
[Source "ChessBase"]
[SourceQuality "1"]
[TimeControl "180+2"]

1. d4 f5 2. Bg5 Nf6 3. e3 g6 4. Be2 Ne4 5. Bf4 Bg7 6. Nd2 d5 7. c3 Nd7 8. h4 h5 9. f3 Nef6 10. g4 hxg4 11. fxg4 fxg4 12. Bxg4 Nb6 13. Bxc8 Qxc8 14. Qf3 c6 15. Qg3 Qg4 16. Qxg4 Nxg4 17. Ngf3 Bh6 18. Be5 Nxe5 19. dxe5 Bxe3 20. O-O-O e6 21. Rdg1 Kf7 22. Rg3 Rag8 23. Ng5+ Bxg5 24. Rxg5 Rh5 25. Rhg1 Rxh4 26. Rf1+ Ke7 27. Nf3 Rf4 28. Nh2 Rxf1+ 29. Nxf1 Nc4 30. Nh2 Ne3 31. Nf3 c5 32. Nh4 Kf7 33. Rg3 Nf5 34. Rf3 Ke7 35. Ng2 Rh8 36. Rf4 Rh1+ 37. Kc2 Rh2 38. Rf2 Rxg2 39. Rxg2 Ne3+ 40. Kb3 Nxg2 41. Ka4 Ne3 42. Kb5 g5 43. Kxc5 g4 44. Kd4 Nf5+ 45. Kd3 g3 46. Ke2 Kf7 47. Kf3 Kg6 48. b4 Kg5 49. a4 Kh4 50. Kg2 Ne3+ 51. Kg1 Nc4 52. b5 Nxe5 53. b6 axb6 54. a5 bxa5 55. c4 dxc4 56. Kf1 a4 57. Ke2 a3 58. Kf1 a2 59. Kg2 Kg4 60. Kf1 a1=Q+ 61. Ke2 Qb2+ 62. Kf1 Qd2 63. Kg1 Qf2+ 64. Kh1 Qh2# 0-1

[Event "11th LCC Super Blitz 2019"]
[Site "London"]
[Date "2019.12.08"]
[Round "6.9"]
[White "Arapalea, Daniel-Ionel"]
[Black "Brass, Ezra"]
[Result "0-1"]
[ECO "B22"]
[WhiteElo "1840"]
[BlackElo "1628"]
[Annotator "NA"]
[PlyCount "99"]
[EventDate "2019.12.08"]
[EventType "swiss"]
[EventCountry "ENG"]
[SourceTitle "playchess.com"]
[Source "ChessBase"]
[SourceQuality "1"]
[TimeControl "180+2"]

1. e4 c5 2. Nf3 d6 3. c3 Nc6 4. Qc2 g6 5. Bb5 Bd7 6. O-O Bg7 7. Na3 a6 8. Be2 Nf6 9. d3 O-O 10. Be3 b5 11. Rad1 Rb8 12. Nb1 b4 13. d4 cxd4 14. cxd4 b3 15. axb3 Nb4 16. Qd2 Nxe4 17. Qe1 Nc2 18. Bd3 Nxe1 19. Nxe1 Bc6 20. Bxa6 Qb6 21. Bd3 Qxb3 22. Bc2 Qb7 23. Na3 Nf6 24. Nc4 Bxg2 25. Nxg2 Qb4 26. b3 Nd5 27. Bd2 Qb7 28. Be4 Qb5 29. Nce3 Nf6 30. Bf3 Qxb3 31. h4 h5 32. Nf4 Qb6 33. Ned5 Nxd5 34. Nxd5 Qd8 35. Bg5 f6 36. Bf4 e6 37. Ne3 e5 38. Bg3 exd4 39. Rxd4 f5 40. Rxd6 Qe7 41. Rxg6 f4 42. Nd5 Qe8 43. Bxf4 Qxg6+ 44. Bg3 Qf7 45. Be4 Kh8 46. f3 Rb2 47. Ne3 Bd4 48. Bf2 Rg8+ 49. Kh2 Qg7 50. Rg1 0-1

[Event "11th LCC Super Blitz 2019"]
[Site "London"]
[Date "2019.12.08"]
[Round "6.9"]
[White "Stamatopoulos, Apostolos"]
[Black "Ignatovic, Ernest"]
[Result "1-0"]
[ECO "E61"]
[WhiteElo "1782"]
[BlackElo "1703"]
[Annotator "NA"]
[PlyCount "47"]
[EventDate "2019.12.08"]
[EventType "swiss"]
[EventCountry "ENG"]
[SourceTitle "playchess.com"]
[Source "ChessBase"]
[SourceQuality "1"]
[TimeControl "180+2"]

1. d4 Nf6 2. Nf3 d6 3. c4 g6 4. Nc3 Bg7 5. h3 O-O 6. Bf4 Nbd7 7. e3 b6 8. Be2 Bb7 9. O-O Qe8 10. Qc2 e5 11. Bh2 e4 12. Nd2 a5 13. a3 Qe7 14. b4 axb4 15. axb4 Rxa1 16. Rxa1 Ra8 17. Rxa8+ Bxa8 18. d5 Ne8 19. Ndxe4 f5 20. Nd2 Ne5 21. Nb5 Nf6 22. Nd4 Bb7 23. Ne6 Bh8 24. Qc3 1-0

[Event "11th LCC Super Blitz 2019"]
[Site "London"]
[Date "2019.12.08"]
[Round "6.9"]
[White "Zhao, Haolin"]
[Black "Sheikh, Anum"]
[Result "1/2-1/2"]
[ECO "B23"]
[WhiteElo "1725"]
[BlackElo "1560"]
[Annotator "NA"]
[PlyCount "76"]
[EventDate "2019.12.08"]
[EventType "swiss"]
[EventCountry "ENG"]
[SourceTitle "playchess.com"]
[Source "ChessBase"]
[SourceQuality "1"]
[TimeControl "180+2"]

1. e4 c5 2. Nc3 e6 3. f4 d5 4. Bb5+ Nc6 5. Nf3 d4 6. Ne2 Nf6 7. d3 Be7 8. O-O O-O 9. Qe1 Qc7 10. Ng3 a6 11. Bxc6 Qxc6 12. f5 b5 13. Ne5 Qc7 14. Bf4 Bd6 15. Ng6 hxg6 16. e5 exf5 17. exd6 Qd7 18. Qe7 Re8 19. Qxd7 Bxd7 20. Rfe1 Nd5 21. Bg5 f6 22. Bd2 Re6 23. Rxe6 Bxe6 24. Re1 Kf7 25. Ne2 Rd8 26. Nf4 Rxd6 27. Nxd5 Rxd5 28. Bf4 g5 29. Bg3 f4 30. Bf2 Bf5 31. Kf1 c4 32. Ke2 Re5+ 33. Kd2 Rd5 34. Bg1 cxd3 35. cxd3 Be6 36. a3 f5 37. Rc1 Rd6 38. Rc5 Kf6 1/2-1/2

[Event "11th LCC Super Blitz 2019"]
[Site "London"]
[Date "2019.12.08"]
[Round "6.10"]
[White "Rahman, Asad"]
[Black "Nunn, Petra"]
[Result "1-0"]
[ECO "B78"]
[WhiteElo "1923"]
[BlackElo "1908"]
[Annotator "NA"]
[PlyCount "99"]
[EventDate "2019.12.08"]
[EventType "swiss"]
[EventCountry "ENG"]
[SourceTitle "playchess.com"]
[Source "ChessBase"]
[SourceQuality "1"]
[TimeControl "180+2"]

1. e4 c5 2. Nf3 d6 3. d4 cxd4 4. Nxd4 Nf6 5. Nc3 g6 6. Be3 Bg7 7. f3 O-O 8. Bc4 Nc6 9. Qd2 Bd7 10. Bb3 Rc8 11. O-O-O Ne5 12. h4 h5 13. g4 hxg4 14. h5 Nxh5 15. Bh6 Nc4 16. Bxc4 Rxc4 17. Bxg7 Kxg7 18. Rxh5 Rh8 19. Nf5+ Bxf5 20. Rxh8 Qxh8 21. exf5 gxf3 22. fxg6 fxg6 23. Qd5 Rf4 24. Qxb7 f2 25. Qxe7+ Rf7 26. Qe2 Qh6+ 27. Kb1 Qf4 28. Rf1 g5 29. Ne4 Re7 30. Qxf2 Rxe4 31. Qxa7+ Kg6 32. Qg1 Qe5 33. a3 d5 34. Qb6+ Qe6 35. Qd8 Re1+ 36. Rxe1 Qxe1+ 37. Ka2 Qe6 38. Qh8 d4+ 39. b3 Qd5 40. Qe8+ Kf6 41. Qe2 Kf5 42. Qd3+ Kf6 43. a4 g4 44. a5 Qxa5+ 45. Kb2 Qd5 46. b4 Kg5 47. b5 g3 48. Qxg3+ Kf5 49. Qd3+ Ke6 50. Ka3 1-0

[Event "11th LCC Super Blitz 2019"]
[Site "London"]
[Date "2019.12.08"]
[Round "6.10"]
[White "Janula, Mariusz"]
[Black "Lovell, William Pm"]
[Result "0-1"]
[ECO "B20"]
[WhiteElo "1767"]
[BlackElo "1831"]
[Annotator "NA"]
[PlyCount "66"]
[EventDate "2019.12.08"]
[EventType "swiss"]
[EventCountry "ENG"]
[SourceTitle "playchess.com"]
[Source "ChessBase"]
[SourceQuality "1"]
[TimeControl "180+2"]

1. e4 c5 2. b4 cxb4 3. d4 d6 4. c4 bxc3 5. Nxc3 g6 6. Be3 Bg7 7. Qd2 Nc6 8. Bc4 e6 9. Nf3 Nf6 10. h3 Qa5 11. O-O O-O 12. Rac1 d5 13. exd5 Nxd5 14. Nxd5 Qxd2 15. Nxd2 exd5 16. Bxd5 Nxd4 17. Rfe1 Nf5 18. Bc5 Rd8 19. g4 Nd6 20. Bb3 Nb5 21. Re7 b6 22. Rxf7 Kh8 23. Nf3 bxc5 24. Rxc5 Nd4 25. Bc4 Nxf3+ 26. Rxf3 Rd1+ 27. Kh2 Bb7 28. Rf7 Rh1+ 29. Kg3 Rg1+ 30. Kh4 Rf8 31. Rxb7 Bf6+ 32. g5 Bd4 33. f4 Bf2# 0-1

[Event "11th LCC Super Blitz 2019"]
[Site "London"]
[Date "2019.12.08"]
[Round "6.10"]
[White "Thatte, Nandinee"]
[Black "Bird, Joel"]
[Result "0-1"]
[ECO "D17"]
[WhiteElo "1270"]
[BlackElo "2009"]
[Annotator "NA"]
[PlyCount "73"]
[EventDate "2019.12.08"]
[EventType "swiss"]
[EventCountry "ENG"]
[SourceTitle "playchess.com"]
[Source "ChessBase"]
[SourceQuality "1"]
[TimeControl "180+2"]

1. d4 d5 2. c4 c6 3. Nc3 Nf6 4. Nf3 dxc4 5. a4 Bf5 6. Bf4 e6 7. e3 Nd5 8. Bg3 Bb4 9. Rc1 Qa5 10. Bxc4 Nxc3 11. bxc3 Bxc3+ 12. Nd2 Nd7 13. Bc7 Bxd2+ 14. Qxd2 Qxc7 15. O-O O-O 16. Rfe1 Be4 17. f3 Bd5 18. e4 Bxc4 19. Rxc4 Nb6 20. Rcc1 Qd7 21. a5 Nc8 22. Qc3 Rd8 23. Rcd1 Ne7 24. Qc5 Qd6 25. Qc3 h6 26. Re2 Rac8 27. Red2 Qf4 28. Qb2 Qc7 29. Qc3 b6 30. axb6 axb6 31. Rc2 Qb7 32. Rcd2 Ra8 33. Rb2 Qa6 34. Qb3 b5 35. Qd3 Qb6 36. Qc3 c5 37. d5 0-1

[Event "11th LCC Super Blitz 2019"]
[Site "London"]
[Date "2019.12.08"]
[Round "6.11"]
[White "Kennedy, Craig"]
[Black "Kirupakaran, Vishnu"]
[Result "1-0"]
[ECO "A11"]
[WhiteElo "1899"]
[BlackElo "1871"]
[Annotator "NA"]
[PlyCount "51"]
[EventDate "2019.12.08"]
[EventType "swiss"]
[EventCountry "ENG"]
[SourceTitle "playchess.com"]
[Source "ChessBase"]
[SourceQuality "1"]
[TimeControl "180+2"]

1. g3 d5 2. Bg2 Nf6 3. d3 e5 4. c4 c6 5. cxd5 cxd5 6. Nf3 Nc6 7. O-O Be7 8. a3 O-O 9. b4 a6 10. Bb2 Qd6 11. Nc3 Bg4 12. h3 Bh5 13. Rc1 Rfc8 14. Na4 Nd7 15. Qb3 f6 16. Rfe1 Bf7 17. Qd1 a5 18. b5 Na7 19. Nc3 Nc5 20. a4 d4 21. Nb1 Bb3 22. Qd2 Bxa4 23. Ba3 Bxb5 24. Qa2+ Kh8 25. Nh4 Rab8 26. Nf5 1-0

[Event "11th LCC Super Blitz 2019"]
[Site "London"]
[Date "2019.12.08"]
[Round "6.11"]
[White "Mohnblatt, Nicolas"]
[Black "Vikas Narayan S P"]
[Result "1-0"]
[ECO "D00"]
[WhiteElo "1689"]
[BlackElo "1026"]
[Annotator "NA"]
[PlyCount "51"]
[EventDate "2019.12.08"]
[EventType "swiss"]
[EventCountry "ENG"]
[SourceTitle "playchess.com"]
[Source "ChessBase"]
[SourceQuality "1"]
[TimeControl "180+2"]

1. d4 d5 2. Nc3 Nf6 3. Bf4 e6 4. Nb5 Na6 5. a3 Bd7 6. Nc3 c5 7. e3 cxd4 8. exd4 Nc7 9. Nf3 Be7 10. Bd3 O-O 11. O-O Rc8 12. Ne5 a6 13. Re1 Bb5 14. Nxb5 Nxb5 15. c3 Nd7 16. Re3 Nd6 17. Rh3 Nf5 18. Qh5 h6 19. g4 Nf6 20. Nxf7 Rxf7 21. Qg6 Ne4 22. gxf5 exf5 23. Bxh6 Bh4 24. f3 Qe7 25. fxe4 fxe4 26. Be2 1-0

[Event "11th LCC Super Blitz 2019"]
[Site "London"]
[Date "2019.12.08"]
[Round "6.12"]
[White "Srivastava, Arnav"]
[Black "Manmay Chopra"]
[Result "1/2-1/2"]
[ECO "E92"]
[WhiteElo "1728"]
[BlackElo "1354"]
[Annotator "NA"]
[PlyCount "113"]
[EventDate "2019.12.08"]
[EventType "swiss"]
[EventCountry "ENG"]
[SourceTitle "playchess.com"]
[Source "ChessBase"]
[SourceQuality "1"]
[TimeControl "180+2"]

1. d4 Nf6 2. c4 g6 3. Nc3 Bg7 4. e4 d6 5. Nf3 O-O 6. Be2 e5 7. dxe5 dxe5 8. Qxd8 Rxd8 9. Bg5 Nbd7 10. Rd1 Re8 11. b4 c6 12. O-O h6 13. Be3 Nf8 14. h3 Bd7 15. Rd2 g5 16. Rfd1 Rad8 17. c5 Ng6 18. Bc4 Kf8 19. a4 Nf4 20. Kh2 Ne6 21. Nxe5 Ke7 22. Nxd7 Nxd7 23. Ne2 Ne5 24. Bb3 Rxd2 25. Rxd2 Rd8 26. Rxd8 Nxd8 27. Bd4 Ne6 28. Bc3 f6 29. Kg3 h5 30. h4 Nd3 31. hxg5 Nxg5 32. Bc2 Nxe4+ 33. Kf3 Nxc3 34. Bxd3 Nxe2 35. Kxe2 Ke6 36. Ke3 Bh6+ 37. f4 f5 38. g3 Kf6 39. Bc4 b6 40. b5 Bf8 41. bxc6 Bxc5+ 42. Kd3 Ke7 43. Bb5 Kd6 44. Ke2 Kc7 45. Kf3 Bb4 46. Kg2 Kd6 47. Kh3 Be1 48. Kh4 a6 49. Bxa6 Kxc6 50. Bb5+ Kd5 51. Kxh5 Bxg3 52. Kg5 Ke4 53. Bc6+ Ke3 54. Kxf5 Bxf4 55. Ke6 Kd4 56. Kd7 Kc5 57. Bb5 1/2-1/2

[Event "11th LCC Super Blitz 2019"]
[Site "London"]
[Date "2019.12.08"]
[Round "6.12"]
[White "Bergner, Matthias"]
[Black "Muhunthan, Charukgan"]
[Result "1-0"]
[ECO "A02"]
[WhiteElo "1632"]
[BlackElo "1401"]
[Annotator "NA"]
[PlyCount "99"]
[EventDate "2019.12.08"]
[EventType "swiss"]
[EventCountry "ENG"]
[SourceTitle "playchess.com"]
[Source "ChessBase"]
[SourceQuality "1"]
[TimeControl "180+2"]

1. d4 Nf6 2. e3 e6 3. f4 b6 4. Nf3 Bb7 5. Be2 Be7 6. O-O O-O 7. c4 c5 8. dxc5 Bxc5 9. Nd4 Nc6 10. Kh1 Qc7 11. Nd2 Nxd4 12. exd4 Bxd4 13. Nf3 Bc5 14. Bd2 Rad8 15. Bc3 Be7 16. Qc2 h6 17. b3 d5 18. Rad1 dxc4 19. Bxc4 Ne4 20. Be5 Bd6 21. Bxd6 Nxd6 22. Bd3 Qxc2 23. Bxc2 Ne4 24. Bxe4 Bxe4 25. Ne5 Bc2 26. Rc1 Bg6 27. Nxg6 fxg6 28. g3 Rf6 29. Kg2 a5 30. Rf2 Rb8 31. Rfc2 Kf7 32. Rc7+ Kg8 33. Rd1 Kh7 34. Rdd7 Rg8 35. Rb7 e5 36. fxe5 Re6 37. Re7 Re8 38. Rxe8 Rxe8 39. Rxb6 Rxe5 40. a4 g5 41. Rb5 Re3 42. Rxa5 Rxb3 43. Ra8 Ra3 44. a5 Kg6 45. a6 Kf7 46. a7 g4 47. Kf2 h5 48. Ke2 g5 49. Kd2 Kg7 50. Kc2 1-0

[Event "11th LCC Super Blitz 2019"]
[Site "London"]
[Date "2019.12.08"]
[Round "6.13"]
[White "Phillips, David"]
[Black "Caceres De La Calle, Eduardo"]
[Result "1-0"]
[ECO "A01"]
[WhiteElo "1810"]
[BlackElo "1575"]
[Annotator "NA"]
[PlyCount "41"]
[EventDate "2019.12.08"]
[EventType "swiss"]
[EventCountry "ENG"]
[SourceTitle "playchess.com"]
[Source "ChessBase"]
[SourceQuality "1"]
[TimeControl "180+2"]

1. b3 e5 2. Bb2 d5 3. Bxe5 Bc5 4. Bxg7 Qh4 5. g3 Qe4 6. f3 Qf5 7. Bxh8 f6 8. Bh3 Qe5 9. Bxc8 Qxa1 10. Bxb7 Qd4 11. e3 Qe5 12. Bxa8 c6 13. Ne2 Nh6 14. O-O Nf5 15. Nf4 Nd7 16. Bxc6 Ke7 17. Bxd5 Nf8 18. Be4 Nxg3 19. hxg3 Ng6 20. Bxg6 hxg6 21. Nxg6+ 1-0

[Event "11th LCC Super Blitz 2019"]
[Site "London"]
[Date "2019.12.08"]
[Round "7.1"]
[White "Roberson, Peter T"]
[Black "Howell, David Wl"]
[Result "1-0"]
[ECO "B42"]
[WhiteElo "2282"]
[BlackElo "2650"]
[Annotator "ChessBase"]
[PlyCount "43"]
[EventDate "2019.12.08"]
[EventType "swiss"]
[EventCountry "ENG"]
[SourceTitle "playchess.com"]
[Source "ChessBase"]
[SourceQuality "1"]
[TimeControl "180+2"]

1. e4 c5 2. Nf3 e6 3. d4 cxd4 4. Nxd4 Nf6 5. Bd3 d6 6. c4 Nc6 7. Nc2 Be7 8. Nc3 O-O 9. O-O a6 10. b3 Bd7 11. Bb2 Rb8 12. a4 Qc7 13. Rc1 Na5 14. Ne3 Qc8 15. b4 Nc6 16. Ba3 a5 17. bxa5 Nxa5 18. Nb5 Qc6 19. e5 Ne8 20. exd6 Nxd6 21. Nxd6 Bxd6 22. Bxd6 1-0

[Event "11th LCC Super Blitz 2019"]
[Site "London"]
[Date "2019.12.08"]
[Round "7.2"]
[White "Grover, Sahaj"]
[Black "Rushbrooke, Remy"]
[Result "0-1"]
[ECO "E71"]
[WhiteElo "2486"]
[BlackElo "1877"]
[Annotator "ChessBase"]
[PlyCount "62"]
[EventDate "2019.12.08"]
[EventType "swiss"]
[EventCountry "ENG"]
[SourceTitle "playchess.com"]
[Source "ChessBase"]
[SourceQuality "1"]
[TimeControl "180+2"]

1. d4 Nf6 2. c4 c5 3. d5 g6 4. Nc3 Bg7 5. e4 d6 6. h3 a6 7. a4 O-O 8. Bd3 e6 9. Nf3 Nbd7 10. Bg5 h6 11. Be3 Qe7 12. Qd2 exd5 13. exd5 Ne5 14. Nxe5 Qxe5 15. O-O Qh5 16. Bf4 Rd8 17. Rae1 g5 18. Bg3 g4 19. h4 Bf5 20. Re7 b6 21. Ne2 Qg6 22. Nf4 Qh7 23. Rfe1 Bxd3 24. Qxd3 Qxd3 25. Nxd3 b5 26. b3 bxc4 27. bxc4 Rab8 28. Ra7 Rb3 29. Re3 Nh5 30. Ne1 Rxe3 31. fxe3 Nxg3 0-1

[Event "11th LCC Super Blitz 2019"]
[Site "London"]
[Date "2019.12.08"]
[Round "7.3"]
[White "Cox, John J"]
[Black "Aravindh, Chithambaram Vr"]
[Result "0-1"]
[ECO "B10"]
[WhiteElo "2346"]
[BlackElo "2560"]
[Annotator "ChessBase"]
[PlyCount "62"]
[EventDate "2019.12.08"]
[EventType "swiss"]
[EventCountry "ENG"]
[SourceTitle "playchess.com"]
[Source "ChessBase"]
[SourceQuality "1"]
[TimeControl "180+2"]

1. e4 c6 2. b3 d5 3. Bb2 dxe4 4. Nc3 Nf6 5. Nge2 Bf5 6. Ng3 e6 7. Qe2 Bb4 8. O-O-O Bxc3 9. Bxc3 O-O 10. Kb1 Nbd7 11. Nxf5 exf5 12. d3 Re8 13. dxe4 Nxe4 14. Qf3 Nxc3+ 15. Qxc3 Qf6 16. Qxf6 Nxf6 17. Bd3 g6 18. f3 Nd5 19. Kb2 Re7 20. Bc4 Ne3 21. Rd2 Rae8 22. a4 a5 23. Kc3 f4 24. Rg1 Kg7 25. g3 fxg3 26. hxg3 Nf5 27. g4 Re3+ 28. Kb2 Nh4 29. f4 Nf3 30. Rd7 Nxg1 31. Rxf7+ Kh8 0-1

[Event "11th LCC Super Blitz 2019"]
[Site "London"]
[Date "2019.12.08"]
[Round "7.3"]
[White "Klingher, Dominic"]
[Black "Petrov, Vladimir Sergeev"]
[Result "1-0"]
[ECO "B23"]
[WhiteElo "2071"]
[BlackElo "2355"]
[Annotator "NA"]
[PlyCount "57"]
[EventDate "2019.12.08"]
[EventType "swiss"]
[EventCountry "ENG"]
[SourceTitle "playchess.com"]
[Source "ChessBase"]
[SourceQuality "1"]
[TimeControl "180+2"]

1. e4 c5 2. Nc3 d6 3. f4 Nc6 4. Nf3 g6 5. Bc4 Bg7 6. O-O e6 7. d3 Nge7 8. Qe1 O-O 9. Qh4 Qd7 10. f5 gxf5 11. Bh6 Ng6 12. Qh5 fxe4 13. Ng5 Bd4+ 14. Kh1 Nce5 15. Bxf8 Nxf8 16. Ncxe4 Neg6 17. Rxf7 Qxf7 18. Nxf7 Kxf7 19. Rf1+ Kg7 20. Nxd6 Bd7 21. Rf7+ Kg8 22. Rxh7 Nxh7 23. Qxg6+ Bg7 24. Qf7+ Kh8 25. Qxd7 Rf8 26. Nf7+ Kg8 27. Qxe6 Nf6 28. Ng5+ Kh8 29. Qh3+ 1-0

[Event "11th LCC Super Blitz 2019"]
[Site "London"]
[Date "2019.12.08"]
[Round "7.4"]
[White "Van Zyl-Rudd, Jack"]
[Black "Mortazavi, Ali"]
[Result "1-0"]
[ECO "E90"]
[WhiteElo "2290"]
[BlackElo "2333"]
[Annotator "NA"]
[PlyCount "65"]
[EventDate "2019.12.08"]
[EventType "swiss"]
[EventCountry "ENG"]
[SourceTitle "playchess.com"]
[Source "ChessBase"]
[SourceQuality "1"]
[TimeControl "180+2"]

1. d4 Nf6 2. c4 g6 3. Nc3 Bg7 4. e4 O-O 5. h3 d6 6. Be3 c5 7. Nf3 Na6 8. Be2 b6 9. O-O Bb7 10. d5 Nc7 11. a4 e5 12. dxe6 Nxe6 13. Qc2 Qe7 14. Rad1 Nd7 15. Nb5 Nd4 16. Nbxd4 cxd4 17. Nxd4 Bxe4 18. Qd2 Nc5 19. b4 Nb7 20. Nb5 Rfd8 21. Bg5 Bf6 22. Bxf6 Qxf6 23. Nc7 Rac8 24. Nd5 Qh4 25. Qd4 Re8 26. Nf6+ Kf8 27. Nxe8 Rxe8 28. f3 Kg8 29. fxe4 Rxe4 30. Qf2 f5 31. Bf3 Qxf2+ 32. Rxf2 Rxc4 33. Bd5+ 1-0

[Event "11th LCC Super Blitz 2019"]
[Site "London"]
[Date "2019.12.08"]
[Round "7.4"]
[White "Toh, Q Kane"]
[Black "Beinoras, Mindaugas"]
[Result "0-1"]
[ECO "E60"]
[WhiteElo "1606"]
[BlackElo "2401"]
[Annotator "NA"]
[PlyCount "44"]
[EventDate "2019.12.08"]
[EventType "swiss"]
[EventCountry "ENG"]
[SourceTitle "playchess.com"]
[Source "ChessBase"]
[SourceQuality "1"]
[TimeControl "180+2"]

1. d4 Nf6 2. c4 g6 3. f3 e6 4. e4 d5 5. e5 Nh5 6. Be3 c5 7. dxc5 Nc6 8. Nc3 d4 9. Bf2 dxc3 10. bxc3 Qxd1+ 11. Rxd1 Bg7 12. Bd4 Bxe5 13. Ne2 O-O 14. Bxe5 Nxe5 15. Nd4 Bd7 16. g3 Ba4 17. Rb1 Rac8 18. Nb3 Nxf3+ 19. Kf2 Ne5 20. Be2 Nf6 21. Bf3 Nxf3 22. Kxf3 Bc6+ 0-1

[Event "11th LCC Super Blitz 2019"]
[Site "London"]
[Date "2019.12.08"]
[Round "7.5"]
[White "Stoyanov, Viktor"]
[Black "Eames, Robert S"]
[Result "1-0"]
[ECO "E09"]
[WhiteElo "2191"]
[BlackElo "2166"]
[Annotator "NA"]
[PlyCount "87"]
[EventDate "2019.12.08"]
[EventType "swiss"]
[EventCountry "ENG"]
[SourceTitle "playchess.com"]
[Source "ChessBase"]
[SourceQuality "1"]
[TimeControl "180+2"]

1. d4 d5 2. c4 e6 3. Nf3 Nf6 4. g3 c6 5. Bg2 Bd6 6. O-O O-O 7. Qc2 Nbd7 8. Nbd2 b6 9. e4 dxe4 10. Nxe4 Be7 11. b3 Bb7 12. Bb2 Nxe4 13. Qxe4 Nf6 14. Qc2 Qc7 15. Rad1 Rad8 16. Rfe1 c5 17. dxc5 bxc5 18. Be5 Qb6 19. Ng5 g6 20. Nf3 Rxd1 21. Rxd1 Rd8 22. Rxd8+ Qxd8 23. h3 Be4 24. Qd2 Qa8 25. Ne1 Bxg2 26. Nxg2 Qe4 27. Qc3 Qb1+ 28. Kh2 Ne4 29. Qf3 f6 30. Bf4 f5 31. Qe2 Kf7 32. Be3 Nc3 33. Qd2 Nxa2 34. Nf4 Nb4 35. Qd7 Qe4 36. Bxc5 Nc6 37. Bxe7 Nxe7 38. Qxa7 Qf3 39. Qe3 Qb7 40. Qxe6+ {[%emt 0:00:12] Nc6 Qe3} Kg7 41. Nd5 {[%emt 0:00:06] Kg8 Qc3 Nd8 b4} Qa7 42. Qe3 Qd7 43. Nf6 Kf7 44. Nxd7 {[%emt 0:00:00] Ne6 Ne5+} 1-0

[Event "11th LCC Super Blitz 2019"]
[Site "London"]
[Date "2019.12.08"]
[Round "7.5"]
[White "Young, Daniel J"]
[Black "Rishi, Thariani"]
[Result "0-1"]
[ECO "A14"]
[WhiteElo "1947"]
[BlackElo "2008"]
[Annotator "NA"]
[PlyCount "50"]
[EventDate "2019.12.08"]
[EventType "swiss"]
[EventCountry "ENG"]
[SourceTitle "playchess.com"]
[Source "ChessBase"]
[SourceQuality "1"]
[TimeControl "180+2"]

1. Nf3 d5 2. c4 e6 3. g3 Nf6 4. Bg2 c6 5. O-O Be7 6. b3 O-O 7. Bb2 Nbd7 8. e3 a5 9. Nc3 b6 10. d3 Bb7 11. Qe2 Qc7 12. cxd5 exd5 13. Rac1 Rac8 14. Nd4 Nc5 15. Nf5 Rfe8 16. Nxe7+ Qxe7 17. Qd2 Ne6 18. Ne2 c5 19. d4 c4 20. bxc4 dxc4 21. Bxb7 Qxb7 22. a4 Ng5 23. f3 Nxf3+ 24. Rxf3 Qxf3 25. Rc3 Ne4 0-1